 Dungeon Crawl Stone Soup version 0.21.1-1-g345015fe64 (webtiles) character file.

12452 Bapho the Fighter (level 11, -2/76 HPs)
             Began as a Deep Elf Wizard on July 1, 2018.
             Was a Believer of Vehumet.
             Slain by a six-headed hydra (12 damage)
             ... on level 8 of the Dungeon.
             The game lasted 00:59:39 (23526 turns).

Bapho the Fighter (Deep Elf Wizard)                Turns: 23526, Time: 00:59:40

Health: -2/76      AC:  7    Str:  4    XL:     11   Next: 62%
Magic:  7/26       EV: 17    Int: 27    God:    Vehumet [**....]
Gold:   182        SH:  0    Dex: 13    Spells: 1/29 levels left

rFire    . . .     SeeInvis .   p - +3 quarterstaff (chaos)
rCold    . . .     Gourm    .   (shield currently unavailable)
rNeg     . . .     Faith    .   k - +2 robe {MR+}
rPois    .         Spirit   .   o - +0 helmet
rElec    .         Reflect  .   v - +0 cloak
rCorr    .         Harm     .   (no gloves)
MR       ++...                  j - +0 pair of boots
Stlth    ++........             i - amulet of rage
HPRegen  0.22/turn              (no ring)
MPRegen  0.20/turn              (no ring)

@: very slightly contaminated
A: no striking features
a: Renounce Religion, Evoke Berserk Rage


You were on level 8 of the Dungeon.
You worshipped Vehumet.
Vehumet was pleased with you.
You were not hungry.

You visited 3 branches of the dungeon, and saw 14 of its levels.

You collected 182 gold pieces.

Inventory:

Hand Weapons
 p - a +3 quarterstaff of chaos (weapon)
Armour
 a - a +0 robe
 b - a +0 hat
 j - a +0 pair of boots (worn)
 k - a +2 robe of magic resistance (worn)
 o - a +0 helmet (worn)
 v - a +0 cloak (worn)
 B - a scarf of spirit shield
Jewellery
 i - an amulet of rage (around neck)
Wands
 g - a wand of iceblast (11)
 y - a wand of polymorph (26)
 D - a wand of scattershot (4)
 I - a wand of disintegration (14)
 K - a wand of flame (16)
Scrolls
 n - 4 scrolls of remove curse {unknown}
 r - a scroll of fog {unknown}
 s - 2 scrolls of random uselessness {unknown}
 t - 5 scrolls of teleportation {unknown}
 u - 3 scrolls of fear {unknown}
 x - a scroll of enchant weapon {unknown}
 z - a scroll of immolation {unknown}
 C - a scroll of amnesia {unknown}
 E - 4 scrolls of magic mapping
 G - 2 scrolls of noise {unknown}
 L - a scroll of enchant armour {unknown}
 M - 2 scrolls of holy word {unknown}
 O - a scroll of identify
Potions
 e - 2 potions of curing
 f - a potion of cancellation
 l - 2 potions of ambrosia
 q - a potion of mutation
 w - 2 potions of degeneration
 F - 5 potions of haste {unknown}
 J - 2 potions of lignification {unknown}
 N - 3 potions of might
Books
 c - a book of Minor Magic

   Spells                             Type                      Level
   a - Magic Dart                     Conjuration                  1
   b - Blink                          Translocation                2
   c - Call Imp                       Summoning                    2
   d - Slow                           Hexes                        2
   e - Conjure Flame                  Conjuration/Fire             3
   f - Mephitic Cloud                 Conjuration/Poison/Air       3
 h - a book of Enchantments

   Spells                             Type                      Level
   a - Cause Fear                     Hexes                        4
   b - Yara's Violent Unravelling     Hexes/Transmutation          5
   c - Silence                        Hexes/Air                    5
   d - Deflect Missiles               Charms/Air                   6
   e - Discord                        Hexes                        8
 m - a book of Air

   Spells                             Type                      Level
   a - Shock                          Conjuration/Air              1
   b - Swiftness                      Charms/Air                   2
   c - Static Discharge               Conjuration/Air              3
   d - Airstrike                      Air                          4
   e - Lightning Bolt                 Conjuration/Air              5
 H - a book of Misfortune

   Spells                             Type                      Level
   a - Confusing Touch                Hexes                        1
   b - Confuse                        Hexes                        3
   c - Gell's Gravitas                Translocation                3
   d - Petrify                        Transmutation/Earth          4
   e - Metabolic Englaciation         Hexes/Ice                    5
   f - Yara's Violent Unravelling     Hexes/Transmutation          5
Comestibles
 d - 20 rations


   Skills:
 - Level 11.7 Fighting
 - Level 9.2 Dodging
 - Level 2.4 Stealth
 + Level 9.5 Spellcasting
 - Level 4.6 Conjurations
 * Level 3.9 Hexes
 - Level 1.1 Summonings
 - Level 1.1 Translocations
 + Level 5.1 Air Magic


You had one spell level left.
You knew the following spells:

 Your Spells              Type           Power        Failure   Level  Hunger
a - Airstrike             Air            #####.....   5%          4    None
b - Blink                 Tloc           N/A          4%          2    None
c - Call Imp              Summ           ###.....     4%          2    None
d - Slow                  Hex            ####....     1%          2    None
e - Conjure Flame         Conj/Fire      ####....     5%          3    None
f - Mephitic Cloud        Conj/Pois/Air  ####....     3%          3    None
g - Shock                 Conj/Air       ####         1%          1    None
h - Magic Dart            Conj           ####         1%          1    None
i - Lightning Bolt        Conj/Air       #####.....   17%         5    ####...
j - Silence               Hex/Air        #####.....   19%         5    ####...


Dungeon Overview and Level Annotations

Branches:
Dungeon (10/15)            Temple (1/1) D:6            Lair (3/6) D:8
    Orc (0/2) D:9
  Swamp: Lair:2-4    Shoals: Lair:2-4     Snake: Lair:2-4    Spider: Lair:2-4

Altars:
Ashenzari
Cheibriados
Dithmenos
Elyvilon
Fedhas
Gozag
Hepliaklqana
Kikubaaqudgha
Makhleb
Nemelex Xobeh
Okawaru
Qazlal
Ru
Sif Muna
Trog
Uskayaw
Vehumet
Wu Jian
Xom
Yredelemnul
Zin
The Shining One

Shops:
D:6 !   D:8 *

Annotations:
D:9 Maurice
D:10 exclusion: oklob plant
Lair:2 Gastronok


Message History

Aiming: Airstrike
Press: ? - help, Dir - move target cursor, f/p - six-headed hydra
Aim: a six-headed hydra (flame, lightly wounded)
The air twists around and strikes the six-headed hydra!
The six-headed hydra is moderately wounded.
The six-headed hydra is engulfed in blazing flames.
Casting: Airstrike
Confirm with . or Enter, or press ? or * to list all spells.
Aiming: Conjure Flame
Press: ? - help, Dir - move target cursor, p - six-headed hydra The fire ignites!
The six-headed hydra is engulfed in blazing flames.
Casting: Conjure Flame
Confirm with . or Enter, or press ? or * to list all spells.
You blink.
The six-headed hydra closely misses you.
The six-headed hydra barely misses you. The six-headed hydra bites you!
* * * LOW HITPOINT WARNING * * *
The six-headed hydra bites you!
You die...

#..........# #..<#
#..........# ##..#
#..........####..#
#...............>#
##########......##
#..(...# #......#
########..D...#
#........@....#
#.#############
#.# #.# #.# #.#
#.# #.# #.#


You could see a six-headed hydra.

Vanquished Creatures
  The ghost of imnir the Basher, a novice HOFi of Dithmenos (D:8)
  A black mamba (Lair:2)
  6 spiny frogs
  4 komodo dragons
  A troll (D:10)
  A yak (shapeshifter) (D:10)
  7 yaks
  4 hogs (D:9)
  Eustachio (D:4)
  A human (D:9)
  3 wyverns
  A water moccasin (D:10)
  7 porcupines
  3 sky beasts
  4 ice beasts
  6 black bears
  A necrophage (D:9)
  4 ogres
  A phantom (D:9)
  An eye of draining (D:10)
  3 wolves
  3 centaurs
  The ghost of Worldyogurt the Archer, an amateur GnWn (D:3)
  4 crocodiles
  10 bullfrogs
  2 wyvern skeletons (D:10)
  3 killer bees (D:8)
  9 wights
  3 centaur zombies
  4 crimson imps
  A quasit (D:10)
  3 hounds
  11 jellies
  2 orc wizards
  3 orc priests
  Crazy Yiuf (D:3)
  7 iguanas
  Natasha (twice) (D:4)
  5 worker ants
  A killer bee zombie (D:7)
  3 hound skeletons
  Robin (D:2)
  A howler monkey zombie (D:6)
  4 gnolls (D:4)
  9 adders
  2 shadow imps (D:7)
  17 oozes
  An adder skeleton (D:4)
  2 worms
  5 dart slugs
  7 leopard geckos
  13 orcs
  3 giant cockroaches (D:2)
  16 goblins
  9 hobgoblins
  7 jackals
  3 quokkas
  4 ball pythons
  5 bats
  3 frilled lizards
  A jackal skeleton (D:4)
  12 kobolds
  A quokka skeleton (D:9)
  7 rats
  A fungus (D:3)
273 creatures vanquished.

Vanquished Creatures (collateral kills)
  A sky beast (D:5)
  A wolf (D:8)
  A bat (D:3)
3 creatures vanquished.

Vanquished Creatures (others)
  8 fungi
  2 plants (Lair:3)
10 creatures vanquished.

Grand Total: 286 creatures vanquished

Notes
Turn   | Place    | Note
-------+----------+-------------------------------------------
     0 | D:1      | Bapho the Deep Elf Wizard began the quest for the Orb.
     0 | D:1      | Reached XP level 1. HP: 10/10 MP: 7/7
   426 | D:1      | Reached XP level 2. HP: 15/15 MP: 0/9
   506 | D:1      | Learned a level 2 spell: Blink
   509 | D:1      | Learned a level 2 spell: Call Imp
   512 | D:1      | Learned a level 2 spell: Slow
   735 | D:1      | Reached skill level 5 in Spellcasting
  1053 | D:1      | Reached XP level 3. HP: 19/19 MP: 5/11
  1210 | D:1      | Learned a level 3 spell: Conjure Flame
  1834 | D:2      | Found a stormy altar of Qazlal.
  2288 | D:2      | Learned a level 3 spell: Mephitic Cloud
  2439 | D:2      | Reached XP level 4. HP: 24/24 MP: 8/13
  2931 | D:3      | Noticed Robin
  3043 | D:3      | Noticed Worldyogurt's ghost (amateur GnWn)
  3417 | D:2      | Killed Robin
  3667 | D:3      | Killed Worldyogurt's ghost
  3667 | D:3      | Reached XP level 5. HP: 23/28 MP: 0/16
  3888 | D:3      | Found an opulent altar of Gozag.
  3902 | D:3      | Found a glowing silver altar of Zin.
  3942 | D:3      | Found a shattered altar of Ashenzari.
  4026 | D:3      | Found an ornate altar of the Wu Jian Council.
  4053 | D:3      | Found a shimmering altar of Xom.
  4303 | D:3      | Found a runed door.
  4307 | D:3      | Noticed Crazy Yiuf
  4321 | D:3      | Killed Crazy Yiuf
  4804 | D:4      | Noticed Eustachio
  5044 | D:4      | Reached XP level 6. HP: 25/32 MP: 16/18
  5343 | D:4      | Reached skill level 1 in Fighting
  5344 | D:4      | Killed Eustachio
  5344 | D:4      | Reached skill level 2 in Fighting
  5674 | D:4      | Reached XP level 7. HP: 25/40 MP: 10/19
  5809 | D:4      | Noticed Natasha
  5813 | D:4      | Killed Natasha
  5996 | D:4      | Reached skill level 3 in Fighting
  6246 | D:5      | Entered Level 5 of the Dungeon
  6529 | D:4      | Reached skill level 4 in Fighting
  6529 | D:4      | Reached skill level 5 in Dodging
  6924 | D:5      | Reached XP level 8. HP: 48/48 MP: 13/20
  7230 | D:5      | Found a bloodstained altar of Trog.
  7381 | D:4      | Noticed Natasha
  7384 | D:4      | Killed Natasha
  7594 | D:6      | Found Vaycs's Distillery.
  7633 | D:6      | Reached skill level 5 in Fighting
  7920 | D:6      | Found a burning altar of Makhleb.
  8588 | D:6      | Found a staircase to the Ecumenical Temple.
  8596 | Temple   | Entered the Ecumenical Temple
  8818 | Temple   | Became a worshipper of Vehumet
  9006 | D:6      | Reached skill level 6 in Fighting
  9710 | D:7      | Reached skill level 7 in Fighting
  9993 | D:7      | Reached XP level 9. HP: 41/57 MP: 9/21
 11019 | D:8      | Reached skill level 8 in Fighting
 11539 | D:8      | Noticed imnir's ghost (novice HOFi)
 11650 | D:8      | Found Tarusary's Changing Room.
 12065 | D:8      | Reached skill level 9 in Fighting
 12816 | D:8      | Killed imnir's ghost
 12816 | D:8      | Reached skill level 10 in Fighting
 12816 | D:8      | Reached XP level 10. HP: 54/68 MP: 4/22
 12977 | D:8      | Found a staircase to the Lair.
 13180 | D:9      | Reached * piety under Vehumet
 13180 | D:9      | Offered knowledge of Flame Tongue by Vehumet.
 13809 | D:9      | Found a staircase to the Orcish Mines.
 14240 | D:9      | Noticed Maurice
 15224 | D:10     | Entered Level 10 of the Dungeon
 15985 | D:9      | Reached skill level 11 in Fighting
 16275 | D:10     | Found a large runed door.
 16284 | D:10     | Found a large runed door.
 16706 | D:10     | Noticed a guardian serpent
 16706 | D:10     | a queen bee changed into a guardian serpent
 16729 | D:10     | a guardian serpent changed into a shapeshifter
 17437 | D:10     | Reached skill level 1 in Air Magic
 18092 | D:10     | Noticed an oklob plant
 18101 | D:10     | Reached XP level 11. HP: 75/75 MP: 17/23
 18107 | D:10     | Reached ** piety under Vehumet
 18118 | D:10     | Offered knowledge of Shock by Vehumet.
 18500 | D:10     | Found a basalt altar of Yredelemnul.
 18500 | D:10     | Noticed a deep elf knight
 18503 | D:10     | Found a white marble altar of Elyvilon.
 18503 | D:10     | Noticed a deep elf knight
 18613 | Lair:1   | Entered Level 1 of the Lair of Beasts
 18692 | D:8      | HP: 3/75 [spiny frog (15)]
 18986 | D:8      | Learned a level 1 spell: Shock
 19335 | Lair:1   | Learned a level 4 spell: Airstrike
 21784 | Lair:2   | Learned a level 5 spell: Lightning Bolt
 21803 | Lair:2   | Noticed a six-headed hydra
 22204 | Lair:2   | Noticed Gastronok
 22474 | Lair:2   | Learned a level 5 spell: Silence
 22555 | Lair:2   | Reached skill level 1 in Hexes
 22560 | Lair:2   | Offered knowledge of Stone Arrow by Vehumet.
 22854 | Lair:3   | Reached skill level 5 in Air Magic
 23526 | D:8      | Slain by a six-headed hydra

Skill      XL: |  1  2  3  4  5  6  7  8  9 10 11 |
---------------+----------------------------------+-----
Conjurations   | 2 3 4 |  4.6
Spellcasting   | 5 6 7 9 |  9.5
Fighting       | 2 4 7 10 11 | 11.7
Dodging        | 3 5 6 9 |  9.2
Air Magic      | 1 5 |  5.1
Hexes          | 3 |  3.9
Stealth        | |  2.4
Summonings     | |  1.1
Translocations | |  1.1

Action                   |  1- 3 |  4- 6 |  7- 9 | 10-12 || total
-------------------------+-------+-------+-------+-------++-------
Melee: Short sword       |       |    22 |       |       ||    22
       Quarterstaff      |       |    26 |    49 |    97 ||   172
 Cast: Magic Dart        |    99 |   138 |   376 |   433 ||  1046
       Call Imp          |       |    15 |    11 |    31 ||    57
       Blink             |       |     6 |    17 |    40 ||    63
       Mephitic Cloud    |       |     2 |     7 |     6 ||    15
       Slow              |       |     2 |       |    17 ||    19
       Conjure Flame     |       |     1 |    14 |    27 ||    42
       Airstrike         |       |       |       |    85 ||    85
       Shock             |       |       |       |     5 ||     5
  Use: Scroll            |     4 |     2 |     4 |     1 ||    11
       Potion            |       |       |       |     5 ||     5
  Eat: Chunk             |     4 |     7 |    12 |    14 ||    37
       Ration            |       |     1 |     3 |     6 ||    10
Armor: Robe              |     4 |    28 |    35 |    49 ||   116
Dodge: Dodged            |     7 |    79 |   143 |   254 ||   483
